 Dungeon Crawl Stone Soup version 0.31.0-11-ge490571c62 (webtiles) character file.

Game seed: 8929722218262511906

20 Arctor the Firebug (level 2, -9/15 HPs)
             Began as a Deep Elf Fire Elementalist on Feb 8, 2024.
             Killed by an exploding adder (24 damage)
             ... ignited by their inner flame
             ... on level 2 of the Dungeon.
             The game lasted 00:00:43 (1773 turns).

Arctor the Firebug (Deep Elf Fire Elementalist)     Turns: 1773, Time: 00:00:44

Health: -9/15      AC:  2    Str:  5    XL:     2   Next: 58%
Magic:  5/8        EV: 13    Int: 19    God:
Gold:   67         SH:  0    Dex: 15    Spells: 6/7 levels left

rFire   . . .        (no weapon)
rCold   . . .        (no shield)
rNeg    . . .        a - +0 robe
rPois   .            (no helmet)
rElec   .            (no cloak)
rCorr   .            (no gloves)
SInv    .            (no boots)
Will    .....        (no amulet)
Stlth   ++           (no ring)
HPRegen 0.22/turn    (no ring)
MPRegen 0.11/turn

%: no passive effects
@: no status effects
A: no striking features
a: no special abilities


You were on level 2 of the Dungeon.
You visited 1 branch of the dungeon, and saw 2 of its levels.

You collected 67 gold pieces.

Inventory:

Armour
 a - a +0 robe (worn)
Jewellery
 k - an amulet of faith
Potions
 b - a potion of magic
 c - 2 potions of resistance {unknown}
 d - a potion of heal wounds {unknown}
 e - a potion of ambrosia {unknown}
 g - a potion of lignification {unknown}
 h - a potion of curing {unknown}


   Skills:
 + Level 2.8 Dodging
 + Level 2.8 Stealth
 + Level 3.3 Spellcasting
 + Level 1.5 Conjurations
 + Level 3.5 Fire Magic


You had 6 spell levels left.
You knew the following spells:

 Your Spells              Type           Power      Damage    Failure   Level
a - Foxfire               Conj/Fire      48%        2x1d6     5%          1

Your spell library contained the following spells:

 Spells                   Type           Power      Damage    Failure   Level
 Scorch                   Fire           32%        2d6       5%          2
 Inner Flame              Hex/Fire       9%         N/A       22%         3
 Volatile Blastmotes      Fire/Tloc      18%        2d11      22%         3
 Flame Wave               Conj/Fire      12%        2d6       45%         4


Dungeon Overview and Level Annotations

Branches:
Dungeon (2/15)

Altars:


Message History

Partly explored, can't reach some items and places.
You conjure some foxfire!
Your foxfire dissipates! x2
Key pressed, stopping explore.
You conjure some foxfire!
Your foxfire dissipates! x2
Partly explored, can't reach some items and places.
What level of the Dungeon? (default 1, ? - help)
There is an escape hatch in the floor here.
There is a stone staircase leading down here.
You climb downwards.
Found 29 gold pieces.
There is a stone staircase leading up here.
An adder is nearby!
As you read the scroll labelled WEF VUPUIFYKI, it crumbles to dust.
The creatures around you are filled with an inner flame!
It was a scroll of immolation.
As you read the scroll labelled KEKUATHR KETITHRUE, it crumbles to dust.
It is a scroll of enchant weapon.
You aren't carrying any weapons that can be enchanted.
As you read the scroll labelled DULOMY WUXILE, it crumbles to dust.
You hear a loud clanging noise!
It was a scroll of noise.
The adder hisses angrily.
You hear a shout!
You hear a bark!
You hear an angry hiss.
You hear a loud squeak.
An adder is nearby!
An adder is nearby!
An adder is nearby!
You conjure some foxfire!
You conjure some foxfire!
The foxfire hits the adder.
Flame seeps out of the adder.
The adder is moderately wounded.
You conjure some foxfire!
The foxfire hits the adder.
Flame seeps out of the adder.
The adder is severely wounded.
The foxfire hits the adder.
The adder explodes!
The fiery explosion engulfs you!!
Ouch! That really hurt!
You die...

###. ... ..
..###.# .......
.. .......
#...####.......
......v§v..$...
#.##@v...$..
#..○§§......
......###......
..#### ......
..... #####


There were no monsters in sight!

Vanquished Creatures
  An adder (D:2)
  A dart slug (D:1)
  2 ball pythons (D:1)
  An endoplasm (D:1)
  2 goblins (D:1)
  3 hobgoblins (D:1)
  2 kobolds (D:1)
  A quokka (D:1)
  A bat (D:1)
  A frilled lizard (D:1)
  3 rats (D:1)
18 creatures vanquished.

Vanquished Creatures (collateral kills)
  A foxfire (D:1)
1 creature vanquished.

Vanquished Creatures (others)
  109 foxfires
109 creatures vanquished.

Grand Total: 128 creatures vanquished

Notes
Turn   | Place    | Note
-------+----------+-------------------------------------------
     0 | D:1      | Arctor the Deep Elf Fire Elementalist began the quest for
                  | the Orb.
     0 | D:1      | Reached XP level 1. HP: 10/10 MP: 6/6
   520 | D:1      | Reached XP level 2. HP: 15/15 MP: 5/8
  1773 | D:2      | Killed by an exploding adder... ignited by their inner
                  | flame

Illustrated notes

Levels and vault maps discovered:
D:1:      matt_arrival_los_fun, layout_loops_ring, roderic_lattice_a,
          lemuel_flame_loot_1
D:2:      layout_rooms, hellmonk_ecumenical_altar_zigzags

Action                     || total
---------------------------++-------
   Cast: Foxfire           ||    75
    Use: Scroll            ||     3
 Armour: Robe              ||    11
  Dodge: Dodged            ||     4
